 Dungeon Crawl Stone Soup version 0.28-a0-872-g80cf8599ee (webtiles) character file.

Game seed: 9807789839484861539

1610 sanka the Schismatic (level 8, 0/66 HPs)
             Began as a Palentonga Abyssal Knight on Nov 20, 2021.
             Was an Elder of Lugonu.
             Slain by a wight (13 damage)
             ... on level 6 of the Dungeon.
             The game lasted 00:14:55 (8330 turns).

sanka the Schismatic (Palentonga Abyssal Knight)    Turns: 8330, Time: 00:14:55

Health: 0/66       AC: 13    Str: 19    XL:     8   Next: 63%
Magic:  14/14      EV:  7    Int: 11    God:    Lugonu [****..]
Gold:   159        SH: 12    Dex: 10    Spells: 7/7 levels left

rFire   . . .      SeeInvis +   a - +1 hand axe
rCold   . . .      Faith    .   v - +0 kite shield of Words of Power {+Blink rElec}
rNeg    . . .      Spirit   .   h - +0 leather armour
rPois   .          Reflect  +   o - +0 helmet
rElec   +          Harm     .   w - +0 cloak
rCorr   .          Rampage  .   (no gloves)
Will    .....                   (no barding)
Stlth   +.........              j - amulet of reflection
HPRegen 0.21/turn               (no ring)
MPRegen 0.14/turn               (no ring)

@: curled up
A: large, rugged brown scales 3, see invisible, deformed body, roll 1, armoured
tail, reflexive curl
a: Rolling Charge, Renounce Religion, Evoke Blink, Depart the Abyss, Bend Space,
Banish, Corrupt


You were on level 6 of the Dungeon.
You worshipped Lugonu.
Lugonu was greatly pleased with you.
You visited 1 branch of the dungeon, and saw 7 of its levels.
You visited the Abyss 1 time.

You collected 387 gold pieces.
You spent 228 gold pieces at shops.


Innate Abilities, Weirdness & Mutations

You are completely covered in rugged brown scales. (AC +3, +7% HP)
You have supernaturally acute eyesight. (SInv)
Armour fits poorly on your strangely shaped body.
You can roll at nearby foes to attack.
You have a long armoured tail.
You curl defensively after being hit. (AC +7*)


   Skills:
 + Level 5.0 Fighting
 + Level 6.8 Axes
 - Level 1.5 Armour
 - Level 0.7 Dodging
 + Level 2.3 Shields
 - Level 8.0 Invocations


You had 7 spell levels left.
You didn't know any spells.
Your spell library contained the following spells:

 Spells                   Type           Power      Damage    Failure   Level
 Magic Dart               Conj           0%         1d3       87%         1
 Call Imp                 Summ           0%         N/A       95%         2
 Corpse Rot               Necr/Air       0%         N/A       95%         2
 Poisonous Vapours        Pois/Air       0%         N/A       95%         2
 Mephitic Cloud           Conj/Pois/Air  0%         N/A       99%         3

Inventory:

Hand Weapons
 a - a +1 hand axe (weapon)
 b - a +0 dagger of venom
Armour
 h - a +0 leather armour (worn)
 o - a +0 helmet (worn)
 v - the +0 kite shield of Words of Power (worn) {+Blink rElec} rElec: It insulates you from electricity. +Blink: It lets you blink.
 w - a +0 cloak (worn)
Jewellery
 j - an amulet of reflection (around neck)
 t - a ring of fire
 u - an amulet of guardian spirit
Wands
 m - a wand of iceblast (16)
Scrolls
 c - a scroll of magic mapping
 e - 2 scrolls of holy word
 f - 3 scrolls of teleportation {@r4}
 g - a scroll of blinking
 l - 2 scrolls of amnesia
 s - a scroll of summoning
Potions
 d - 2 potions of heal wounds {unknown}
 i - 2 potions of attraction {unknown}
 n - 4 potions of lignification {unknown}
 p - a potion of mutation {unknown}
 q - 3 potions of flight {unknown}
 r - 2 potions of cancellation {unknown}
 x - a potion of magic {unknown}

Dungeon Overview and Level Annotations

Branches:
Dungeon (7/15)             Temple (0/1) D:4

Altars:
Hepliaklqana
Makhleb
Trog
Wu Jian
Xom

Shops:
D:4 (   D:6 [

Annotations:
D:7 Menkaure

▒...............▒▒......▒
▒▒▒▒▒▒▒...........▒▒▒▒▒▒▒
▒.......)...▒
▒▒▒▒▒▒▒▒...........▒
▒......'...(<......▒
▒▒.▒▒▒▒▒...........▒ ▒.▒
▒▒▒▒▒.......▒ ▒.▒
▒z......▒ ▒.▒ ▒H▒▒▒▒▒▒▒
▒.▒▒▒▒▒▒▒▒▒z▒
▒...........▒
▒▒▒▒▒▒▒▒▒▒▒▒▒


You could see 2 wights.


Message History

The wight is heavily damaged.
The wight hits you with a +4 morningstar!
You hit the wight.
The wight is severely damaged.
The wight hits you with a +4 morningstar!
You hit the wight.
The wight is severely damaged.
You block the wight's attack.
You closely miss the wight.
The wight is severely damaged.
The wight closely misses you.
The wight hits you with a +4 morningstar!
* * * LOW HITPOINT WARNING * * *
You closely miss the wight.
The wight is severely damaged.
The wight hits you with a +4 morningstar!
* * * LOW HITPOINT WARNING * * *
You closely miss the wight.
The wight is severely damaged.
The wight hits you with a +4 morningstar!
* * * LOW HITPOINT WARNING * * *
There is a stone staircase leading up here.
Things that are here:
22 bolts; 23 stones
There is an open door here.
You hit the wight.
The wight is moderately damaged.
You block the wight's attack.
The wight hits you with a +4 morningstar!
You die...

Action                   |  1- 3 |  4- 6 |  7- 9 || total
-------------------------+-------+-------+-------++-------
Melee: Hand axe          |    65 |    24 |    61 ||   150
       Tailslap          |     7 |    32 |    29 ||    68
       Dagger            |     7 |   207 |   150 ||   364
Invok: Depart the Abyss  |     1 |       |       ||     1
 Abil: Rolling Charge    |     2 |     5 |     2 ||     9
Evoke: Wand              |       |     1 |       ||     1
  Use: Scroll            |       |     1 |     5 ||     6
 Stab: Sleeping          |       |     1 |       ||     1
Armor: Leather armour    |    24 |    73 |    77 ||   174
Dodge: Dodged            |    23 |   111 |    73 ||   207
Block: Other             |       |    43 |    15 ||    58
       Kite shield       |       |       |    45 ||    45

Levels and vault maps discovered:
D:1:      amcnicky_arrival_gap_in_the_tavern_cellar, layout_basic
D:2:      layout_basic, minmay_pentomino_r2
D:3:      layout_rooms, tgw_xom, roderic_batcave
D:4:      layout_basic, mainiacjoe_overflow_six_doors_small,
          minmay_temple_entry_junction_2, serial_shops, shop
D:5:      layout_rooms, chequers_temple_overflow_statue_of_worship,
          serial_aquarium, aquarium_bridge_square [aquarium_subvault_window,
          aquarium_subvault_balcony, aquarium_subvault_window,
          aquarium_subvault_bridge], aquarium_bridge_island_small
          [aquarium_subvault_small_open, aquarium_subvault_wall,
          aquarium_subvault_bridge, aquarium_subvault_wall,
          aquarium_subvault_wall], aquarium_window_corridor_1,
          aquarium_window_2, aquarium_view_2c, aquarium_view_2c,
          aquarium_balcony_double_3
D:6:      layout_basic, serial_shops, shop
D:7:      layout_layer_cave, gammafunk_ghost_nasty_kobolds, uniq_menkaure

Notes
Turn   | Place    | Note
-------+----------+-------------------------------------------
     0 | Abyss:1  | sanka the Palentonga Abyssal Knight began the quest for the
                  | Orb.
     0 | Abyss:1  | Reached XP level 1. HP: 19/19 MP: 2/2
    55 | Abyss:1  | Noticed a ynoxinul
    56 | Abyss:1  | Noticed a starcursed mass
    57 | D:1      | Escaped the Abyss
   158 | D:1      | Reached * piety under Lugonu
   260 | D:1      | Reached XP level 2. HP: 25/25 MP: 3/3
   395 | D:1      | Reached skill level 3 in Axes
   869 | D:2      | Reached XP level 3. HP: 31/31 MP: 4/4
  1296 | D:2      | Noticed a scorpion
  1311 | D:2      | Killed a scorpion
  1312 | D:2      | Reached skill level 4 in Axes
  1312 | D:2      | Reached XP level 4. HP: 11/37 MP: 5/5
  1728 | D:2      | Reached skill level 5 in Axes
  2013 | D:2      | Reached ** piety under Lugonu
  2174 | D:2      | Reached XP level 5. HP: 41/43 MP: 6/6
  2993 | D:3      | Reached skill level 6 in Axes
  3376 | D:3      | Found a shimmering altar of Xom.
  3525 | D:4      | Reached *** piety under Lugonu
  3653 | D:4      | Reached skill level 3 in Invocations
  3653 | D:4      | Reached XP level 6. HP: 35/50 MP: 8/8
  3750 | D:4      | Found Poysin's Weapon Shoppe.
  3817 | D:4      | Found a bloodstained altar of Trog.
  4270 | D:4      | Reached skill level 4 in Invocations
  4391 | D:4      | Found a staircase to the Ecumenical Temple.
  4572 | D:5      | Entered Level 5 of the Dungeon
  4580 | D:5      | Noticed a water moccasin
  4588 | D:5      | Killed a water moccasin
  4589 | D:5      | Reached skill level 5 in Invocations
  4953 | D:5      | Gained mutation: You curl defensively after being hit. (AC
                  | +7*) [Palentonga growth]
  4953 | D:5      | Reached XP level 7. HP: 55/55 MP: 9/11
  5046 | D:5      | Reached skill level 6 in Invocations
  5555 | D:5      | Found an ornate altar of the Wu Jian Council.
  5555 | D:5      | Found a hazy altar of Hepliaklqana.
  5555 | D:5      | Found a burning altar of Makhleb.
  5571 | D:5      | Reached skill level 7 in Invocations
  6303 | D:6      | Reached skill level 8 in Invocations
  6384 | D:6      | Reached XP level 8. HP: 59/62 MP: 14/14
  6803 | D:6      | Found Pokeroul's Antique Armour Boutique.
  6810 | D:6      | Bought a masterwork kite shield for 228 gold pieces
  6810 | D:6      | Identified the +0 kite shield of Words of Power {+Blink
                  | rElec} (You bought it in a shop on level 6 of the Dungeon)
  6864 | D:6      | Reached **** piety under Lugonu
  6865 | D:6      | Reached skill level 4 in Fighting
  7084 | D:6      | Reached skill level 1 in Shields
  7458 | D:6      | Reached skill level 2 in Shields
  7924 | D:7      | Reached skill level 5 in Fighting
  8105 | D:7      | Noticed Menkaure
  8298 | D:6      | HP: 6/66 [wight (12)]
  8330 | D:6      | Slain by a wight

Vanquished Creatures
  A water moccasin (D:5)
  A sky beast (D:6)
  3 black bears (D:6)
  An ice beast (D:5)
  An ogre (D:5)
  A bullfrog (D:7)
  2 scorpions
  A vampire bat (D:3)
  A wight (D:5)
  A centaur zombie (D:6)
  3 jellies
  A gnoll shaman (D:6)
  3 bullfrog skeletons
  4 hounds
  2 orc priests (D:6)
  2 iguanas
  An orc wizard (D:6)
  2 hound skeletons
  2 gnolls
  4 adders
  3 ufetubi (D:5)
  A worm (D:3)
  6 dart slugs
  11 orcs
  9 bats
  5 endoplasms
  A giant cockroach (D:1)
  13 goblins
  11 hobgoblins
  12 jackals
  8 kobolds
  3 quokkas
  8 ball pythons
  5 frilled lizards
  A rat (D:1)
134 creatures vanquished.

Vanquished Creatures (others)
  A hobgoblin (D:3)
  14 fungi (D:5)
15 creatures vanquished.

Grand Total: 149 creatures vanquished
